I smell L6s coming

Match 19394286
End
Panzergrenadier Squad
250 Light Carrier
Panzergrenadier Squad
Construct Light Support Kompanie
MG34 Team
Fire Support Elements
Assault Mechanized Group
Selects Italian Infantry
Selects Guastatori Squad
Selects L6/40 Light Tank Combat Group
L6/40 Light Tank Combat Group
L6/40 Light Tank Combat Group
Panzerjäger Mechanized Group
L6/40 Light Tank Combat Group
Pak 38 Anti-tank Gun Team
L6/40 Light Tank Combat Group
AI Takeover
Treadz
Toiletguy
0
0

Comments sign in to comment!

No comments posted yet!